 Dungeon Crawl Stone Soup version 0.30-a0-222-ge547ba4400 (webtiles) character file.

Game seed: 8089962681751257748

412 qw the Chopper (level 6, -12/38 HPs)
             Began as a Gargoyle Fighter on Oct 8, 2022.
             Mangled by an ogre
             ... wielding a +0 giant club
              (21 damage)
             ... on level 4 of the Dungeon.
             The game lasted 00:01:11 (2779 turns).

qw the Chopper (Gargoyle Fighter)                   Turns: 2779, Time: 00:01:11

Health: -12/38     AC: 12    Str: 22    XL:     6   Next: 90%
Magic:  6/6        EV:  9    Int:  8    God:
Gold:   172        SH:  4    Dex:  9    Spells: 5/5 levels left

rFire   . . .      SeeInvis +    Y - +2 war axe
rCold   . . .      Faith    .    c - +0 buckler
rNeg    + . .      Spirit   .    b - +0 scale mail
rPois   inf        Reflect  .    (no helmet)
rElec   +          Harm     .    (no cloak)
rCorr   .          Rampage  .    j - +0 pair of gloves
Will    .....                    (no boots)
Stlth   ..........               (no amulet)
HPRegen 0.26/turn                h - ring of see invisible
MPRegen 0.10/turn                (no ring)

@: about to teleport
A: sickness immunity, AC +4, negative energy resistance 1, electricity
resistance, torment resistance 1, petrification resistance
a: no special abilities


You were on level 4 of the Dungeon.
You visited 1 branch of the dungeon, and saw 4 of its levels.

You collected 220 gold pieces.
You spent 48 gold pieces at shops.


Innate Abilities, Weirdness & Mutations

You are immune to sickness and miasma.
Your stone body is resilient. (AC +4)
You are immune to poison.
You resist negative energy. (rN+)
You are resistant to electric shocks. (rElec)
You are resistant to unholy torment.
You are immune to petrification.


   Skills:
 - Level 4.1 Fighting
 - Level 6.0 Axes
 - Level 3.2 Armour
 + Level 0.6 Dodging
 - Level 3.2 Shields


You had 5 spell levels left.
You didn't know any spells.
Your spell library was empty.

Inventory:

Hand Weapons
 l - a +0 flail
 Y - a +2 war axe (weapon)
Armour
 b - a +0 scale mail (worn)
 c - a +0 buckler (worn)
 j - a +0 pair of gloves (worn)
Jewellery
 h - a ring of see invisible (left hand)
Scrolls
 e - a scroll of identify
Potions
 d - a potion of might
 f - a potion of curing
 g - a potion of heal wounds {unknown}
 k - a potion of lignification
 m - a potion of flight {unknown}

Dungeon Overview and Level Annotations

Branches:
Dungeon (4/15)
 Temple: D:4-7

Altars:

Shops:
D:3 *

Annotations:
D:3 2 transporters, 2 runed translucent doors


Message History

There is an open door here.
There is a stone staircase leading down here.
You climb downwards.
Found a scroll of enchant weapon.
There is a stone staircase leading up here.
Existing waypoints: (1) D:2 (2) D:3 Assign waypoint to what number? (0-9, D - delete waypoint) Waypoint 1 re-assigned from D:2 to D:4.
a - a scroll of enchant weapon
2759 ||| READING scroll of enchant weapon.
As you read the scroll of enchant weapon, it crumbles to dust.
Your +1 war axe glows red for a moment.
2759 ||| ENCHANTING +1 war axe.
Found a club.
A hobgoblin comes into view.
The hobgoblin shouts!
You see here 11 gold pieces.
You hit the hobgoblin.
The hobgoblin is severely wounded.
The hobgoblin hits you.
You hit the hobgoblin.
You kill the hobgoblin!
You now have 172 gold pieces (gained 11).
Found a scale mail.
Found 6 stones.
An ogre comes into view. It is wielding a +0 giant club.
2775 ||| Stepping ~*~*~tactically~*~*~ (stealth).
The ogre shouts!
You barely miss the ogre. The ogre hits you with a +0 giant club.
You slash the ogre!
The ogre is heavily wounded.
The ogre hits you with a +0 giant club!!
Ouch! That really hurt!
2779 ||| READING scroll of teleportation.
As you read the scroll of teleportation, it crumbles to dust.
You feel strangely unstable.
The ogre hits you with a +0 giant club!!
Ouch! That really hurt!
You die...

# #.#.#
###.###.#.#
..........########
###.........)....#
#####..........#
###.#..###.#
#.#..# #.#..###
#.#...@#
#.....#O.#
#.....##.# ##....#
## ##.##. #. .. #.
.[ #( #.# ..


You could see an ogre.

Vanquished Creatures
  Sigmund (D:2)
  An orc wizard (D:3)
  Natasha (twice) (D:2)
  4 gnolls
  7 adders
  4 worms
  3 dart slugs
  2 orcs (D:3)
  2 ball pythons
  8 endoplasms
  4 giant cockroaches
  6 hobgoblins
  3 jackals (D:1)
  3 quokkas
  4 bats
  A frilled lizard (D:1)
  4 goblins
  5 kobolds
  2 rats
66 creatures vanquished.

Notes
Turn   | Place    | Note
-------+----------+-------------------------------------------
     0 | D:1      | qw the Gargoyle Fighter began the quest for the Orb.
     0 | D:1      | Reached XP level 1. HP: 14/14 MP: 1/1
     0 | D:1      | 0 ||| qw: Version: 0.2-a-17-gfa9de96
     0 | D:1      | 0 ||| qw: Game counter: 1995
     0 | D:1      | 0 ||| qw: Always use a shield: true
     0 | D:1      | 0 ||| qw: God list: Okawaru
     0 | D:1      | 0 ||| qw: Allow faded altars: false
     0 | D:1      | 0 ||| qw: Do Orc after D:15 true
     0 | D:1      | 0 ||| qw: Do second Lair branch before Depths: true
     0 | D:1      | 0 ||| qw: Lair rune preference: random
     0 | D:1      | 0 ||| qw: Plans: Normal, Zot:1-4, God:TSO, Crypt, Tomb,
                  | Pan, Slime:5, Hells, Abyss, Orb
     0 | D:1      | 0 ||| PLANNING D:1-11
    55 | D:1      | Reached skill level 2 in Axes
   285 | D:1      | Found a faded altar of an unknown god.
   297 | D:1      | Reached XP level 2. HP: 19/19 MP: 2/2
   473 | D:1      | Reached skill level 3 in Axes
   574 | D:1      | 574 ||| Stepping ~*~*~tactically~*~*~ (stealth).
   580 | D:1      | Reached XP level 3. HP: 21/23 MP: 3/3
   711 | D:1      | 711 ||| Stepping ~*~*~tactically~*~*~ (stealth).
   716 | D:1      | 716 ||| Stepping ~*~*~tactically~*~*~ (stealth).
   718 | D:1      | 718 ||| Stepping ~*~*~tactically~*~*~ (stealth).
   994 | D:1      | 994 ||| UPGRADING to +0 pair of gloves.
   999 | D:1      | 999 ||| UPGRADING to ring of see invisible.
  1000 | D:1      | 1000 ||| READING scroll labelled QARUSU YDAOPATRI.
  1005 | D:1      | 1005 ||| READING scroll labelled MEEDDE PETE.
  1006 | D:1      | 1006 ||| READING scroll labelled KUSECS FOKOIMADDO.
  1091 | D:2      | 1091 ||| Stepping ~*~*~tactically~*~*~ (stealth).
  1093 | D:2      | 1093 ||| Stepping ~*~*~tactically~*~*~ (stealth).
  1256 | D:2      | Reached XP level 4. HP: 28/28 MP: 4/4
  1341 | D:2      | Reached skill level 4 in Axes
  1450 | D:2      | Noticed Natasha
  1456 | D:2      | Killed Natasha
  1643 | D:2      | Reached XP level 5. HP: 27/32 MP: 5/5
  1787 | D:2      | Noticed Sigmund
  1795 | D:2      | Killed Sigmund
  1796 | D:2      | Reached skill level 6 in Axes
  1796 | D:2      | Reached XP level 6. HP: 29/37 MP: 6/6
  1873 | D:2      | Noticed Natasha
  1881 | D:2      | Killed Natasha
  1956 | D:2      | 1956 ||| READING scroll labelled DYVIRE XICUHY.
  1957 | D:2      | 1957 ||| READING scroll labelled EBAENKIYTE.
  1958 | D:2      | 1958 ||| READING scroll labelled LILIWNASCHE.
  1959 | D:2      | 1959 ||| DRINKING 2 orange potions.
  2070 | D:3      | 2070 ||| Stepping ~*~*~tactically~*~*~ (stealth).
  2118 | D:3      | Found Tifus's General Store.
  2151 | D:3      | 2151 ||| SHOPLISTING +3 ring mail of cold resistance (312
                  | gold, have 192).
  2151 | D:3      | 2151 ||| SHOPLISTING amulet "Afeugir" {Acrobat rPois Regen+
                  | SInv} (544 gold, have 192).
  2151 | D:3      | 2151 ||| BUYING scroll of identify (24 gold).
  2151 | D:3      | Bought a scroll of identify for 24 gold pieces
  2151 | D:3      | 2151 ||| BUYING scroll of identify (24 gold).
  2151 | D:3      | Bought a scroll of identify for 24 gold pieces
  2198 | D:3      | Found a transporter.
  2215 | D:3      | Found a transporter.
  2239 | D:3      | Found a large runed translucent door.
  2239 | D:3      | Found a large runed translucent door.
  2365 | D:3      | 2365 ||| DROPPING +0 whip.
  2723 | D:3      | 2723 ||| READING scroll labelled NECSAC XELIPTI.
  2724 | D:3      | 2724 ||| READING scroll labelled WOORCH NEOFUSA.
  2725 | D:3      | 2725 ||| READING 2 scrolls of identify.
  2725 | D:3      | 2725 ||| IDENTIFYING murky pink potion
  2759 | D:4      | 2759 ||| READING scroll of enchant weapon.
  2759 | D:4      | 2759 ||| ENCHANTING +1 war axe.
  2775 | D:4      | 2775 ||| Stepping ~*~*~tactically~*~*~ (stealth).
  2778 | D:4      | HP: 9/38 [ogre/+0 giant club (24)]
  2779 | D:4      | 2779 ||| READING scroll of teleportation.
  2779 | D:4      | Mangled by an ogre

Levels and vault maps discovered:
D:1:      minmay_arrival_semitransparent, layout_loops_corners,
          hellmonk_ecumenical_altar_pennies_from_heaven
D:2:      layout_basic, uniq_sigmund, uniq_natasha
D:3:      gammafunk_wand_slinger, layout_basic, jmf_multi_god_temple2,
          serial_shops, shop, nrook_campfire
D:4:      layout_loops_ring, lemuel_mausoleum_altar_yredelemnul,
          lemuel_round_altar, tgw_sif

Skill      XL: |  1  2  3  4  5  6 |
---------------+-------------------+-----
Axes           | 2 3 4 6 |  6.0
Fighting       | 4 |  4.1
Armour         | |  3.2
Dodging        | |  0.6
Shields        | |  3.2

Action                   |  1- 3 |  4- 6 || total
-------------------------+-------+-------++-------
Melee: War axe           |    85 |   117 ||   202
  Use: Scroll            |     3 |     8 ||    11
       Potion            |       |     1 ||     1
Armor: Scale mail        |    26 |    51 ||    77
Dodge: Dodged            |    36 |    45 ||    81
Block: Buckler           |     4 |    23 ||    27

Table legend:
 A = Non-vault XP
 B = Vault XP
 C = Vault XP percentage of total XP
 D = Non-vault monster count
 E = Vault monster count
 F = Vault count percentage of total count
                 A         B        C        D         E       F
            +---------+---------+-------+---------+---------+-------
      Total |     328 |     261 |  44.3 |      64 |       2 |   3.0
            +---------+---------+-------+---------+---------+-------
        D:1 |      46 |       0 |   0.0 |      20 |       0 |   0.0
        D:2 |     177 |     261 |  59.6 |      28 |       2 |   6.7
        D:3 |     103 |       0 |   0.0 |      15 |       0 |   0.0
        D:4 |       2 |       0 |   0.0 |       1 |       0 |   0.0
            +---------+---------+-------+---------+---------+-------
